 Dungeon Crawl Stone Soup version 0.23.0 (webtiles) character file.

Game seed: 13188691530383094036

157 H0rd4k the Charlatan (level 5, 0/38 HPs)
             Began as a Human Artificer on Feb 15, 2019.
             Killed from afar by an orc wizard (5 damage)
             ... with a magic dart
             ... on level 3 of the Dungeon.
             The game lasted 00:07:00 (3340 turns).

H0rd4k the Charlatan (Human Artificer)              Turns: 3340, Time: 00:07:00

Health: 0/38       AC:  3    Str: 13    XL:     5   Next: 66%
Magic:  0/7        EV: 12    Int: 12    God:
Gold:   98         SH:  0    Dex: 13    Spells: 4/4 levels left

rFire    . . .     SeeInvis .   C - +0 dagger (distort)
rCold    . . .     Gourm    .   (no shield)
rNeg     . . .     Faith    .   b - +0 leather armour
rPois    .         Spirit   +   (no helmet)
rElec    .         Reflect  .   n - scarf {Spirit}
rCorr    .         Harm     .   (no gloves)
MR       .....                  (no boots)
Stlth    ++........             (no amulet)
HPRegen  0.12/turn              (no ring)
MPRegen  0.10/turn              (no ring)

@: no status effects
A: no striking features
a: no special abilities


You were on level 3 of the Dungeon.
You were not hungry.

You visited 1 branch of the dungeon, and saw 4 of its levels.

You collected 98 gold pieces.

Inventory:

Hand Weapons
 a - a +0 short sword
 C - a +0 dagger of distortion (weapon)
Missiles
 k - 132 stones (quivered)
 q - 7 tomahawks
 s - 8 sling bullets
Armour
 b - a +0 leather armour (worn)
 h - a +0 helmet
 n - a scarf of spirit shield (worn)
 t - a +0 pair of boots
Wands
 c - a wand of flame (7)
 d - a wand of enslavement (15)
 e - a wand of random effects (6)
Scrolls
 g - 3 scrolls of remove curse
 j - 6 scrolls of identify {unknown}
 p - a scroll of blinking {unknown}
 v - 2 scrolls of enchant armour {unknown}
 x - a scroll of enchant weapon {unknown}
 y - a scroll of teleportation {unknown}
 A - a scroll of immolation {unknown}
Potions
 l - a potion of resistance {unknown}
 m - a potion of curing {unknown}
 o - a potion of mutation {unknown}
 r - 2 potions of brilliance {unknown}
 u - a potion of invisibility {unknown}
 w - 2 potions of degeneration {unknown}
 z - a potion of flight {unknown}
Comestibles
 f - 4 rations


   Skills:
 + Level 1.8 Fighting
 + Level 2.5 Short Blades
 + Level 1.9 Armour
 + Level 2.9 Dodging
 + Level 1.4 Stealth
 + Level 3.7 Evocations


You had 4 spell levels left.
You didn't know any spells.
Your spell library was empty.

Dungeon Overview and Level Annotations

Branches:
Dungeon (4/15)
 Temple: D:4-7

Altars:
Ashenzari
Cheibriados
Qazlal
Vehumet

Annotations:
D:2 exclusion: 2 downstairs


Message History

Nothing appears to happen.
You hear some strange, mumbled words.
A puff of flame appears from out of thin air!
The puff of flame hits you!
* * * LOW HITPOINT WARNING * * *
Evoke which item? (* to show all) (? for menu, Esc to quit)
Aiming: Random Effects
Press: ? - help, Shift-Dir - straight line, f/p - orc
Aim: an orc, wielding a +0 whip and wearing a +0 leather armour (moderately wounded)
The mass of ice explodes!
The iceblast engulfs something!
Something hits you.
* * * LOW HITPOINT WARNING * * *
Something hits you.
* * * LOW HITPOINT WARNING * * *
The orc wizard casts a spell.
The orc wizard seems to speed up.
The orc wizard casts a spell.
The orc wizard flickers and vanishes!
Something hits you but does no damage.
A magic dart appears from out of thin air!
The magic dart hits you.
You die...

#...##......+..#.##........#
#...##......####.#.....''#.#
#...##.........#.#.....#.#.#
#.# #...###..#'#...#)#.#####
# #.. ##### #..#.....#o#.#
### #..###.#.#.#.#
#..#....<#.#.#
#..#.....#.#.#
#..#.....@.#.#
#..#.###.###.#
#..#.....#...#
#..#######.###
########..........#
.....))..##########
##########


You could see an orc.

Vanquished Creatures
  An orc priest (D:3)
  A gnoll (D:1)
  2 dart slugs
  3 leopard geckos
  3 orcs
  A giant cockroach (D:2)
  10 goblins
  9 hobgoblins
  3 jackals (D:1)
  A quokka (D:2)
  7 bats
  5 frilled lizards
  8 kobolds
  8 rats
62 creatures vanquished.

Vanquished Creatures (others)
  An orc priest (D:3)
  A worker ant (D:3)
  An orc (D:3)
3 creatures vanquished.

Grand Total: 65 creatures vanquished

Notes
Turn   | Place    | Note
-------+----------+-------------------------------------------
     0 | D:1      | H0rd4k the Human Artificer began the quest for the Orb.
     0 | D:1      | Reached XP level 1. HP: 15/15 MP: 3/3
    56 | D:1      | Reached XP level 2. HP: 6/21 MP: 4/4
   674 | D:1      | Reached XP level 3. HP: 19/26 MP: 5/5
   717 | D:1      | Found a shattered altar of Ashenzari.
  1324 | D:2      | Reached skill level 1 in Armour
  1369 | D:2      | Found a radiant altar of Vehumet.
  1441 | D:2      | Reached XP level 4. HP: 26/32 MP: 6/6
  2485 | D:3      | Found a stormy altar of Qazlal.
  2839 | D:3      | Found a snail-covered altar of Cheibriados.
  3093 | D:3      | Reached XP level 5. HP: 14/37 MP: 2/7
  3340 | D:3      | Killed from afar by an orc wizard

Skill      XL: |  1  2  3  4 |
---------------+-------------+-----
Armour         | 1 |  1.9
Short Blades   | 2 |  2.5
Fighting       | |  1.8
Dodging        | |  2.9
Stealth        | |  1.4
Evocations     | |  3.7

Action                   |  1- 3 |  4- 6 || total
-------------------------+-------+-------++-------
Melee: Short sword       |   120 |    97 ||   217
       Dagger            |       |    28 ||    28
Evoke: Wand              |     5 |    12 ||    17
  Use: Scroll            |       |     1 ||     1
 Stab: Sleeping          |     2 |     2 ||     4
  Eat: Chunk             |     1 |     5 ||     6
       Ration            |       |     1 ||     1
Armor: Leather armour    |    26 |    30 ||    56
Dodge: Dodged            |    76 |    74 ||   150
